cohdb
Replays
Latest Replays
All Replays
Popular Replays
Top Player Replays
Match Explorer
How It Works
Community
CoH3 Stats
Reddit
Sign in to upload your games and track your stats! →
Sign in with Steam
Match 43062872
Unlisted
Match 43062872
Overview
Messages
Build Orders
End
Construct Infanterie Kompanie
GrW 34 Mortar Team
Selects Mechanized Battlegroup
GrW 34 Mortar Team
MG 42 Machine Gun Team
MG 42 Bunker
Pioneer Squad
GrW 34 Mortar Team
Construct Luftwaffe Kompanie
Jäger Squad
MG 42 Bunker
MG 42 Bunker
Support Elements
Wirbelwind Flakpanzer
Construct Panzergrenadier Kompanie
Nebelwerfer 42 Rocket Launcher Team
Selects Spotting Scopes
Selects Wespe Self-propelled Artillery
Wespe Self-propelled Artillery
Jäger Squad
Wespe Self-propelled Artillery
MG 42 Machine Gun Team
Pak 40 Anti-tank Gun Team
Infanterie Officer Quarters
Selects Zeroing Artillery Barrage
Luftwaffe Officer Quarters
MG 42 Bunker
251 Medium Carrier
Zeroing Artillery Barrage
Wirbelwind Flakpanzer
Jäger Squad
AI Takeover
GILAS Oberstleutnant
FPYSM
你又破防了吧
我打不赢就投诉
Dog
SzDing
mason_wangfan
CrudeCreation
0
0
Comments
sign in to comment!
No comments posted yet!